 Dungeon Crawl Stone Soup version 0.17-a0-1184-gb75be8f (webtiles) character file.

1634 patman2 the Basher (level 8, 16/78 HPs)
             Began as an Ogre Berserker on June 1, 2015.
             Was a Priest of Trog.
             Quit the game on level 9 of the Dungeon.
             The game lasted 00:18:13 (3815 turns).

patman2 the Basher (Ogre Berserker)                 Turns: 3815, Time: 00:18:14

Health: 16/78      AC:  7    Str: 23    XL:     8   Next: 98%
Magic:  8/8        EV: 10    Int:  4    God:    Trog [***...]
Gold:   209        SH:  0    Dex: 11    Spells: 0 memorised, 7 levels left

rFire  . . .     SeeInvis .     a - +0 mace
rCold  . . .     Clarity  .     b - +0 animal skin
rNeg   . . .     SustAt   .     (no shield)
rPois  .         Gourm    .     (helmet restricted)
rElec  .         Spirit   .     t - +0 cloak
rCorr  .         Warding  .     (gloves unavailable)
rMut   .         Stasis   .     (boots unavailable)
MR     .....                    (no amulet)
Stlth  +.........               d - +3 ring of protection
                                e - -2 ring of intelligence (curse)

@: mildly poisoned (16 -> 15), not resistant to hostile enchantments, very
unstealthy
A: unfitting armour, tough skin 1
a: Burn Spellbooks, Berserk, Trog's Hand, Renounce Religion


You were on level 9 of the Dungeon.
You worshipped Trog.
Trog was most pleased with you.
You were not hungry.

You visited 1 branch of the dungeon, and saw 9 of its levels.
You also visited: Ossuary.

You collected 259 gold pieces.
You spent 50 gold pieces at shops.

Inventory:

Hand weapons
 a - a +0 mace (weapon)
Armour
 b - a +0 animal skin (worn)
 t - a +0 cloak (worn)
Jewellery
 d - a +3 ring of protection (right hand)
 e - a cursed -2 ring of intelligence (left hand)
Magical devices
 h - a wand of magic darts (11)
 q - a wand of heal wounds (0)
 C - a wand of confusion (19)
Scrolls
 f - a scroll of noise {unknown}
 g - a scroll of recharging {unknown}
 o - a scroll of teleportation {unknown}
 r - 2 scrolls of remove curse {unknown}
 s - 2 scrolls of blinking {unknown}
 y - a scroll of enchant weapon {unknown}
 z - a scroll of fog
 B - a scroll of magic mapping
 D - a scroll of enchant armour {unknown}
Potions
 i - a potion of curing
 j - 2 potions of agility
 k - a potion of brilliance {unknown}
 l - 2 potions of flight {unknown}
 n - a potion of poison {unknown}
 p - 2 potions of haste
 u - a potion of heal wounds {unknown}
 v - a potion of invisibility {unknown}
 w - a potion of resistance {unknown}
 A - a potion of cancellation {unknown}
Books
 x - a book of Callings

   Spells                             Type                      Level
   a - Summon Small Mammal            Summoning                    1
   b - Call Imp                       Summoning                    2
   c - Call Canine Familiar           Summoning                    3
   d - Summon Guardian Golem          Hexes/Summoning              3
   e - Summon Lightning Spire         Summoning/Air                4
   f - Summon Ice Beast               Ice/Summoning                4
   Trog disapproves of the use of such an item.
Comestibles
 c - 2 bread rations
 m - 3 fruits


   Skills:
 - Level 4.0 Fighting
 + Level 14.1 Maces & Flails
 - Level 2.6 Dodging


You had 7 spell levels left.
You didn't know any spells.

Dungeon Overview and Level Annotations

Branches:
Dungeon (9/15)             Temple (0/1) D:5
   Lair: D:8-11         Orc: D:9-12

Altars:
Ashenzari
Xom
Yredelemnul
The Shining One

Shops:
D:8 :*:*


Innate Abilities, Weirdness & Mutations

You are too large for most types of armour.
You have tough skin (AC +1).


Message History

The orc warrior throws a tomahawk.
The tomahawk closely misses you.
You thump something! Trog accepts your kill.
Trog appreciates your killing of a magic user.
Reactivating autopickup.
You feel a bit more experienced.
The orc warrior throws a tomahawk.
The tomahawk hits you!
* * * LOW HITPOINT WARNING * * *
Things that are here:
a tomahawk; a dagger; a robe You feel sick.
The orc shouts!
You barely miss the orc warrior.
The orc priest shouts!
You hit the orc warrior but do no damage.
The orc warrior hits you with an enchanted hand axe!
* * * LOW HITPOINT WARNING * * *
You hit the orc warrior but do no damage.
The orc warrior barely misses you.
Are you sure you want to abandon this character and quit the game? (Confirm with "yes".)

#≈≈y######..........#
#≈≈.# #..........# #≈≈(#
#..........# #≈≈.#
###..........# #≈≈o.
............# #≈≈o##
#.o.........#
≈≈≈.#####..########.#
≈≈≈≈.......o########.#
....o.......o@(..(....#
!.................)....#
##..##########..# #.
#†.# #..# #..# ...# ...#
...#


You could see an orc warrior, an orc priest and an orc.

Vanquished Creatures
  Maurice (D:8)
  An orc warrior (D:9)
  A black bear (D:8)
  An ice beast (D:8)
  2 water moccasin zombies (Ossuary)
  3 scorpions
  A wyvern skeleton (D:8)
  An electric eel (D:9)
  A crimson imp (D:8)
  5 orc wizards
  A hound (D:8)
  Ijyb (D:2)
  A giant frog skeleton (D:4)
  Jessica (D:3)
  2 worker ants (D:5)
  2 iguanas
  The ghost of patman2 the Poker, a weakling CeBe of Trog (D:3)
  2 big kobold zombies (Ossuary)
  2 mummies (Ossuary)
  Robin (D:3)
  5 gnolls
  7 adders
  An ooze (D:2)
  6 adder zombies (Ossuary)
  A worm (D:2)
  A giant gecko (D:4)
  5 orcs
  A ball python (D:2)
  8 bats
  3 bat skeletons
  A bat zombie (D:7)
  2 giant cockroaches
  11 goblins
  6 hobgoblins
  4 jackals
  6 kobolds
  5 giant newts
  4 gnoll zombies (Ossuary)
  A hobgoblin zombie (Ossuary)
  4 kobold zombies (Ossuary)
  3 orc zombies (Ossuary)
  5 rats
121 creatures vanquished.

Notes
Turn   | Place    | Note
--------------------------------------------------------------
     0 | D:1      | patman2 the Ogre Berserker began the quest for the Orb.
     0 | D:1      | Reached XP level 1. HP: 24/24 MP: 1/1
    18 | D:1      | HP: 1/36 [kobold/club (5)]
   337 | D:1      | Reached XP level 2. HP: 32/32 MP: 2/2
   396 | D:2      | Noticed Ijyb
   407 | D:2      | Reached skill level 5 in Maces & Flails
   418 | D:2      | Killed Ijyb
   418 | D:2      | Reached XP level 3. HP: 39/39 MP: 3/3
   452 | D:3      | Reached skill level 6 in Maces & Flails
   511 | D:3      | Reached XP level 4. HP: 29/48 MP: 4/4
   522 | D:3      | Noticed Jessica
   528 | D:3      | Killed Jessica
   546 | D:3      | Reached skill level 7 in Maces & Flails
   569 | D:3      | Noticed patman2's ghost (weakling CeBe)
   578 | D:2      | Found a shattered altar of Ashenzari.
   603 | D:2      | Acquired Trog's second power
   679 | D:2      | HP: 2/48 [jackal (2)]
   852 | D:2      | Reached XP level 5. HP: 32/54 MP: 5/5
   939 | D:3      | Killed patman2's ghost
   972 | D:3      | Noticed Robin
   987 | D:4      | Reached skill level 8 in Maces & Flails
  1098 | D:3      | Killed Robin
  1134 | D:3      | Found a glowing golden altar of the Shining One.
  1164 | D:4      | Reached XP level 6. HP: 59/62 MP: 6/6
  1195 | D:5      | Entered Level 5 of the Dungeon
  1312 | D:4      | Reached skill level 9 in Maces & Flails
  1473 | D:5      | Found a staircase to the Ecumenical Temple.
  1499 | D:5      | Found a sand-covered staircase.
  1508 | Ossuary  | Entered an ossuary
  1878 | Ossuary  | Reached skill level 10 in Maces & Flails
  1878 | Ossuary  | Reached XP level 7. HP: 23/70 MP: 7/7
  2545 | D:6      | Found a shimmering altar of Xom.
  2563 | D:6      | Reached skill level 11 in Maces & Flails
  2820 | D:8      | Found Opooj's General Store.
  2823 | D:8      | Found Joicviam's Book Boutique.
  2892 | D:8      | Found Peot's General Store.
  2893 | D:8      | Found Aviluirph's Book Emporium.
  2897 | D:8      | Bought a scroll of identify for 24 gold pieces
  2903 | D:8      | Noticed Maurice
  2951 | D:8      | Killed Maurice
  2951 | D:8      | Reached skill level 12 in Maces & Flails
  2951 | D:8      | Reached XP level 8. HP: 65/78 MP: 8/8
  2967 | D:8      | Reached skill level 13 in Maces & Flails
  3247 | D:8      | Bought a scroll of fog for 26 gold pieces
  3302 | D:8      | Found a basalt altar of Yredelemnul.
  3791 | D:9      | Reached skill level 14 in Maces & Flails
  3815 | D:9      | Quit the game

Vault maps used:
D:1:      dpeg_arrival_tiny_c, minmay_misc_feat_secret_circle,
          corexii_leaking_fountain, hangedman_abyss_or_decor_lesser_grid,
          minivault_25
D:2:      evilmike_ruin_ashenzari, uniq_iyjb
D:3:      nicolae_overflow_crystal_walls, nicolae_qazlal_style_of_elements,
          tso_metal_star, uniq_jessica, uniq_robin, uniq_grinder
D:4:      lemuel_coloured_pillars_altar, fedhas_bush_and_centaur_altar
D:5:      minmay_temple_entry_purple_smoke, first_bread, enter_ossuary_1
D:6:      lemuel_ice_spiral_2, basic_altar
D:7:      okawaru_metal_pillars_3, uniq_joseph
D:8:      kennysheep_mini, grunt_temple_overflow_opulence, serial_shops,
          nicolae_shop_competitors_out_of_business, nicolae_shop_waterfront,
          shop, shop_fountains, nicolae_shop_statue_plus, special_room,
          uniq_maurice
D:9:      erik_orc_2
Ossuary:  ossuary_tomb_2

Action                   |  1- 3 |  4- 6 |  7- 9 || total
-------------------------+-------+-------+-------++-------
Melee: Mace              |    48 |   207 |   248 ||   503
Invok: Berserk           |     2 |     8 |     7 ||    17
Evoke: Wand              |       |       |     1 ||     1
  Use: Scroll            |       |     6 |     3 ||     9
  Eat: Chunk             |     1 |    10 |     6 ||    17
       Beef jerky        |       |     2 |       ||     2
       Bread ration      |       |       |     2 ||     2
       Royal jelly       |       |       |     1 ||     1
